TOP OF THE 1ST |
Little Caesars Hot N Readys batting - Pitching for Belvedere Park Rawhides : LHP Earnest Cogan
|
Pitching: LHP Earnest Cogan
|
|
Batting: RHB Noe Grohman
|
0-0: Called Strike 0-1: SINGLE (Groundball, 56) (infield hit)
|
Batting: RHB Jackie Coogan
|
0-0: Fly out, F8 (Flyball, 8LD)
|
Batting: SHB Mike Barton
|
0-0: Called Strike 0-1: Ball 1-1: Swinging Strike 1-2: Foul Ball, location: 2F 1-2: Grounds into double play, 6-4-3 (Groundball, 6)
|
Top of the 1st over - 0 run(s), 1 hit(s), 0 error(s), 0 left on base; Little Caesars 0 - Belvedere Park 0 |
BOTTOM OF THE 1ST |
Belvedere Park Rawhides batting - Pitching for Little Caesars Hot N Readys : RHP Tristan Young
|
Pitching: RHP Tristan Young
|
|
Batting: RHB Marlon Cummins
|
0-0: Ball 1-0: Called Strike 1-1: Called Strike 1-2: Ball 2-2: Ground out 5-3 (Groundball, 56)
|
Batting: SHB Manuel González
|
0-0: Called Strike 0-1: Ball 1-1: Ball 2-1: Ball 3-1: Called Strike 3-2: Base on Balls
|
Batting: LHB José Pérez
|
0-0: Foul Ball, location: 2F 0-1: Ball 1-1: Ball 2-1: SINGLE (Line Drive, 6MD) Manuel González to second
|
Batting: RHB Casey Cavell
|
0-0: Ball 1-0: Swinging Strike 1-1: Fly out, F8 (Flyball, 8RS)
|
Batting: LHB António Serrano
|
0-0: Ball 1-0: Called Strike 1-1: Ball 2-1: Foul Ball, location: 2F 2-2: Ball 3-2: Strikes out looking
|
Bottom of the 1st over - 0 run(s), 1 hit(s), 0 error(s), 2 left on base; Little Caesars 0 - Belvedere Park 0 |
TOP OF THE 2ND |
Little Caesars Hot N Readys batting - Pitching for Belvedere Park Rawhides : LHP Earnest Cogan
|
Batting: RHB Mo Zhou
|
0-0: Foul Ball, location: 2F 0-1: Ball 1-1: SINGLE (Line Drive, 7LS)
|
Batting: LHB Jason Potter
|
0-0: Called Strike 0-1: Grounds into double play, 6-4-3 (Groundball, 6)
|
Batting: RHB Keith Burnett
|
0-0: Ball 1-0: Called Strike 1-1: Called Strike 1-2: Foul Ball, location: 2F 1-2: Ball 2-2: Foul Ball, location: 2F 2-2: DOUBLE (Flyball, 89D)
|
Batting: RHB Carl Wheezer
|
0-0: Fly out, F7 (Flyball, 78S)
|
Top of the 2nd over - 0 run(s), 2 hit(s), 0 error(s), 1 left on base; Little Caesars 0 - Belvedere Park 0 |
BOTTOM OF THE 2ND |
Belvedere Park Rawhides batting - Pitching for Little Caesars Hot N Readys : RHP Tristan Young
|
Batting: RHB Hugo Rampley
|
0-0: Ball 1-0: Foul Ball, location: 2F 1-1: Ground out 5-3 (Groundball, 56S)
|
Batting: RHB Jesús Calderón
|
0-0: Ball 1-0: Ball 2-0: Fly out, F7 (Flyball, 7LS)
|
Batting: RHB Fernando Rutledge
|
0-0: Reached on error, E5 (Groundball, 56)
|
Batting: RHB Marshall Lamar
|
0-0: Ball 1-0: Ball 2-0: Called Strike 2-1: Swinging Strike 2-2: Ball 3-2: Foul Ball, location: 2F 3-2: Foul Ball, location: 2F 3-2: Foul Ball, location: 2F 3-2: Strikes out swinging
|
Bottom of the 2nd over - 0 run(s), 0 hit(s), 1 error(s), 1 left on base; Little Caesars 0 - Belvedere Park 0 |
TOP OF THE 3RD |
Little Caesars Hot N Readys batting - Pitching for Belvedere Park Rawhides : LHP Earnest Cogan
|
Batting: RHB George St. Clair
|
0-0: Ball 1-0: Ground out 6-3 (Groundball, 6)
|
Batting: LHB Sisto Pagnamenta
|
0-0: Foul Ball, location: 2F 0-1: Foul Ball, location: 2F 0-2: Strikes out looking
|
Batting: RHB Noe Grohman
|
0-0: Fly out, F4 (Line Drive, 4)
|
Top of the 3rd over - 0 run(s), 0 hit(s), 0 error(s), 0 left on base; Little Caesars 0 - Belvedere Park 0 |
BOTTOM OF THE 3RD |
Belvedere Park Rawhides batting - Pitching for Little Caesars Hot N Readys : RHP Tristan Young
|
Batting: RHB Marlon Cummins
|
0-0: Ball 1-0: Swinging Strike 1-1: Swinging Strike 1-2: Ball 2-2: Ball 3-2: Base on Balls
|
Batting: SHB Manuel González
|
0-0: Foul Ball, location: 2F 0-1: Ball 1-1: Called Strike 1-2: Foul Ball, location: 2F 1-2: Ball 2-2: Grounds into double play, 5-4-3 (Groundball, 56)
|
Batting: LHB José Pérez
|
0-0: Ball 1-0: Ground out 4-3 (Groundball, 4)
|
Bottom of the 3rd over - 0 run(s), 0 hit(s), 0 error(s), 0 left on base; Little Caesars 0 - Belvedere Park 0 |
TOP OF THE 4TH |
Little Caesars Hot N Readys batting - Pitching for Belvedere Park Rawhides : LHP Earnest Cogan
|
Batting: RHB Jackie Coogan
|
0-0: Ball 1-0: Foul Ball, location: 2F 1-1: SINGLE (Line Drive, 8RS)
|
Batting: SHB Mike Barton
|
0-0: Foul Ball, location: 2F 0-1: Hit by Pitch Jackie Coogan to second
|
Batting: RHB Mo Zhou
|
0-0: Called Strike 0-1: Fly out, F9 (Flyball, 9LS)
|
Batting: LHB Jason Potter
|
0-0: Ball 1-0: Ball 2-0: Ball 3-0: Base on Balls Jackie Coogan to third Mike Barton to second
|
Batting: RHB Keith Burnett
|
0-0: Ball 1-0: Fly out, F9 (Line Drive, 9) Runner from 3rd tags up, SCORES, throw made
|
Batting: RHB Carl Wheezer
|
0-0: SINGLE (Groundball, 6MD) Mike Barton to third Jason Potter to second Runner from 3rd tries for Home, SAFE, no throw
|
Batting: RHB George St. Clair
|
0-0: Ball 1-0: Ball 2-0: SINGLE (Groundball, 56D) Jason Potter to third Carl Wheezer to second Runner from 3rd tries for Home, SAFE, throw made home Carl Wheezer to third George St. Clair to second
|
Batting: LHB Sisto Pagnamenta
|
0-0: SINGLE (Flyball, 89S) - OUT at second base trying to stretch hit. Carl Wheezer scores George St. Clair scores
|
Top of the 4th over - 5 run(s), 4 hit(s), 0 error(s), 0 left on base; Little Caesars 5 - Belvedere Park 0 |
BOTTOM OF THE 4TH |
Belvedere Park Rawhides batting - Pitching for Little Caesars Hot N Readys : RHP Tristan Young
|
Batting: RHB Casey Cavell
|
0-0: Called Strike 0-1: Ground out 6-3 (Groundball, 6)
|
Batting: LHB António Serrano
|
0-0: Fly out, F8 (Flyball, 8RD)
|
Batting: RHB Hugo Rampley
|
0-0: Called Strike 0-1: Foul Ball, location: 2F 0-2: Ball 1-2: Ball 2-2: Fly out, F9 (Flyball, 9LM)
|
Bottom of the 4th over - 0 run(s), 0 hit(s), 0 error(s), 0 left on base; Little Caesars 5 - Belvedere Park 0 |
TOP OF THE 5TH |
Little Caesars Hot N Readys batting - Pitching for Belvedere Park Rawhides : LHP Earnest Cogan
|
Batting: RHB Noe Grohman
|
0-0: Swinging Strike 0-1: Ball 1-1: Foul Ball, location: 2F 1-2: Ball 2-2: Ball 3-2: Foul Ball, location: 2F 3-2: Ground out 5-3 (Groundball, 56)
|
Batting: RHB Jackie Coogan
|
0-0: Called Strike 0-1: Ball 1-1: Ball 2-1: Ball 3-1: Called Strike 3-2: Strikes out looking
|
Batting: SHB Mike Barton
|
0-0: Called Strike 0-1: Ball 1-1: Called Strike 1-2: Ball 2-2: Fly out, F9 (Flyball, 89M)
|
Top of the 5th over - 0 run(s), 0 hit(s), 0 error(s), 0 left on base; Little Caesars 5 - Belvedere Park 0 |
BOTTOM OF THE 5TH |
Belvedere Park Rawhides batting - Pitching for Little Caesars Hot N Readys : RHP Tristan Young
|
Batting: RHB Jesús Calderón
|
0-0: Foul Ball, location: 2F 0-1: Ball 1-1: Foul Ball, location: 2F 1-2: Foul Ball, location: 2F 1-2: Ball 2-2: Ball 3-2: SINGLE (Groundball, 6MD)
|
Batting: RHB Fernando Rutledge
|
0-0: Ball 1-0: Ball 2-0: Ball 3-0: Base on Balls Jesús Calderón to second
|
Batting: RHB Marshall Lamar
|
0-0: Called Strike 0-1: Ball 1-1: Ball 2-1: SINGLE (Groundball, 6D) Jesús Calderón to third Fernando Rutledge to second
|
Batting: RHB Marlon Cummins
|
0-0: Ball 1-0: Foul Ball, location: 2F 1-1: SINGLE (Groundball, 4MD) Jesús Calderón scores Fernando Rutledge to third Marshall Lamar to second Runner from 3rd tries for Home, SAFE, no throw
|
Batting: SHB Manuel González
|
0-0: Called Strike 0-1: Fielders Choice at 2nd, 4-6 (Groundball, 4) Marshall Lamar to third
|
Batting: LHB José Pérez
|
0-0: Fielders Choice at 2nd, 1-6 (Groundball, P)
|
Batting: RHB Casey Cavell
|
0-0: Ball 1-0: Ball 2-0: Called Strike 2-1: Ball 3-1: Base on Balls José Pérez to second
|
Batting: LHB António Serrano
|
0-0: Called Strike 0-1: Swinging Strike 0-2: Strikes out swinging
|
Bottom of the 5th over - 2 run(s), 3 hit(s), 0 error(s), 3 left on base; Little Caesars 5 - Belvedere Park 2 |
TOP OF THE 6TH |
Little Caesars Hot N Readys batting - Pitching for Belvedere Park Rawhides : LHP Earnest Cogan
|
Batting: RHB Mo Zhou
|
0-0: Ball 1-0: Foul Ball, location: 2F 1-1: Fly out, F8 (Line Drive, 89S)
|
Batting: LHB Jason Potter
|
0-0: Called Strike 0-1: Called Strike 0-2: Foul Ball, location: 2F 0-2: Ball 1-2: Ground out 3-1 (Groundball, 34)
|
Batting: RHB Keith Burnett
|
0-0: Ball 1-0: Foul Ball, location: 2F 1-1: Foul Ball, location: 2F 1-2: Ball 2-2: Ball 3-2: Fly out, F8 (Flyball, 8LM)
|
Top of the 6th over - 0 run(s), 0 hit(s), 0 error(s), 0 left on base; Little Caesars 5 - Belvedere Park 2 |
BOTTOM OF THE 6TH |
Belvedere Park Rawhides batting - Pitching for Little Caesars Hot N Readys : RHP Tristan Young
|
Batting: RHB Hugo Rampley
|
0-0: Ball 1-0: Called Strike 1-1: Foul Ball, location: 2F 1-2: Ball 2-2: Ball 3-2: Strikes out looking
|
Batting: RHB Jesús Calderón
|
0-0: Called Strike 0-1: Called Strike 0-2: Fly out, F5 (Popup, 56)
|
Batting: RHB Fernando Rutledge
|
0-0: Foul Ball, location: 2F 0-1: Ball 1-1: Called Strike 1-2: Ball 2-2: Foul Ball, location: 2F 2-2: Ground out 5-3 (Groundball, 56S)
|
Bottom of the 6th over - 0 run(s), 0 hit(s), 0 error(s), 0 left on base; Little Caesars 5 - Belvedere Park 2 |
TOP OF THE 7TH |
Little Caesars Hot N Readys batting - Pitching for Belvedere Park Rawhides : LHP Earnest Cogan
|
Batting: RHB Carl Wheezer
|
0-0: Foul Ball, location: 2F 0-1: Ball 1-1: Ground out 5-3 (Groundball, 56)
|
Batting: RHB George St. Clair
|
0-0: Foul Ball, location: 2F 0-1: Ball 1-1: Called Strike 1-2: Foul Ball, location: 2F 1-2: Ground out 6-3 (Groundball, 6)
|
Batting: LHB Sisto Pagnamenta
|
0-0: Ball 1-0: Ball 2-0: Called Strike 2-1: Foul Ball, location: 2F 2-2: Foul Ball, location: 2F 2-2: Fly out, F9 (Flyball, 9LSF)
|
Top of the 7th over - 0 run(s), 0 hit(s), 0 error(s), 0 left on base; Little Caesars 5 - Belvedere Park 2 |
BOTTOM OF THE 7TH |
Belvedere Park Rawhides batting - Pitching for Little Caesars Hot N Readys : RHP Tristan Young
|
Pitching: RHP Noah Shellenbarger
|
|
Batting: RHB Marshall Lamar
|
0-0: Ball 1-0: Ball 2-0: Foul Ball, location: 2F 2-1: Ball 3-1: Base on Balls
|
Batting: RHB Marlon Cummins
|
0-0: Called Strike 0-1: Ball 1-1: Foul Ball, location: 2F 1-2: Foul Ball, location: 2F 1-2: Ball 2-2: SINGLE (Groundball, 6D) Marshall Lamar to second
|
Batting: SHB Manuel González
|
0-0: Called Strike 0-1: Foul Ball, location: 2F 0-2: Foul Ball, location: 2F 0-2: Ball 1-2: Foul Ball, location: 2F 1-2: Ball 2-2: Ball 3-2: Fly out, F9 (Flyball, 9)
|
Batting: LHB José Pérez
|
0-0: Called Strike 0-1: Ball 1-1: Ball 2-1: Fly out, F8 (Flyball, 8RM)
|
Batting: RHB Casey Cavell
|
0-0: Ball 1-0: Fly out, F9 (Flyball, 9LM)
|
Bottom of the 7th over - 0 run(s), 1 hit(s), 0 error(s), 2 left on base; Little Caesars 5 - Belvedere Park 2 |
TOP OF THE 8TH |
Little Caesars Hot N Readys batting - Pitching for Belvedere Park Rawhides : LHP Earnest Cogan
|
Batting: RHB Noe Grohman
|
0-0: Ball 1-0: Called Strike 1-1: Ball 2-1: Foul Ball, location: 2F 2-2: Ground out 5-3 (Groundball, 2L)
|
Pitching: RHP Ash Wooden
|
|
Batting: RHB Jackie Coogan
|
0-0: Ball 1-0: Called Strike 1-1: Ball 2-1: Called Strike 2-2: Foul Ball, location: 2F 2-2: Ground out 5-3 (Groundball, 5S)
|
Batting: SHB Mike Barton
|
0-0: Called Strike 0-1: Ball 1-1: Ball 2-1: Ball 3-1: Base on Balls
|
Batting: RHB Mo Zhou
|
0-0: Called Strike 0-1: Ball 1-1: Called Strike 1-2: Ball 2-2: Ball 3-2: Base on Balls Mike Barton to second
|
Batting: LHB Jason Potter
|
0-0: Fly out, F8 (Line Drive, 8LS)
|
Top of the 8th over - 0 run(s), 0 hit(s), 0 error(s), 2 left on base; Little Caesars 5 - Belvedere Park 2 |
BOTTOM OF THE 8TH |
Belvedere Park Rawhides batting - Pitching for Little Caesars Hot N Readys : RHP Noah Shellenbarger
|
Batting: LHB António Serrano
|
0-0: Called Strike 0-1: Ball 1-1: Called Strike 1-2: Fly out, F8 (Line Drive, 8LM)
|
Batting: RHB Hugo Rampley
|
0-0: Called Strike 0-1: Ball 1-1: Foul Ball, location: 2F 1-2: Ball 2-2: Ball 3-2: Foul Ball, location: 2F 3-2: Foul Ball, location: 2F 3-2: Foul Ball, location: 2F 3-2: Foul Ball, location: 2F 3-2: Foul Ball, location: 2F 3-2: Strikes out looking
|
Batting: RHB Jesús Calderón
|
0-0: Called Strike 0-1: Ball 1-1: Called Strike 1-2: Ball 2-2: Ball 3-2: Strikes out looking
|
Bottom of the 8th over - 0 run(s), 0 hit(s), 0 error(s), 0 left on base; Little Caesars 5 - Belvedere Park 2 |
TOP OF THE 9TH |
Little Caesars Hot N Readys batting - Pitching for Belvedere Park Rawhides : RHP Ash Wooden
|
Pitching: RHP Dino Moonglampers
|
|
Batting: RHB Keith Burnett
|
0-0: Ball 1-0: Fly out, F7 (Flyball, 78S)
|
Pitching: RHP Jim Unknown
|
|
Batting: RHB Carl Wheezer
|
0-0: DOUBLE (Flyball, 78M)
|
Batting: RHB George St. Clair
|
0-0: Called Strike 0-1: Called Strike Carl Wheezer is caught stealing 3rd base 0-2: Ball 1-2: Strikes out swinging
|
Top of the 9th over - 0 run(s), 1 hit(s), 0 error(s), 0 left on base; Little Caesars 5 - Belvedere Park 2 |
BOTTOM OF THE 9TH |
Belvedere Park Rawhides batting - Pitching for Little Caesars Hot N Readys : RHP Noah Shellenbarger
|
Pitching: RHP Ciríaco Muro
|
|
Batting: RHB Fernando Rutledge
|
0-0: Called Strike 0-1: Ball 1-1: Ball 2-1: Called Strike 2-2: Foul Ball, location: 2F 2-2: Ball 3-2: Strikes out swinging
|
Batting: RHB Marshall Lamar
|
0-0: Ball 1-0: Ball 2-0: Ball 3-0: Called Strike 3-1: Called Strike 3-2: Base on Balls
|
Batting: RHB Marlon Cummins
|
0-0: Called Strike 0-1: Ball 1-1: Ball 2-1: Swinging Strike 2-2: Foul Ball, location: 2F 2-2: Strikes out swinging
|
Batting: SHB Manuel González
|
0-0: Ball 1-0: Ball 2-0: Foul Ball, location: 2F 2-1: Foul Ball, location: 2F 2-2: SINGLE (Groundball, 4MD) Marshall Lamar to second Runner from 2nd tries for 3rd, SAFE, no throw
|
Batting: LHB José Pérez
|
0-0: Swinging Strike 0-1: Ball 1-1: Fly out, F7 (Flyball, 78S)
|
Bottom of the 9th over - 0 run(s), 1 hit(s), 0 error(s), 2 left on base; Little Caesars 5 - Belvedere Park 2 |
|